 Dungeon Crawl Stone Soup version 0.29.1-2-gbd0b4ee654 (webtiles) character file.

Game seed: 1700427674836280713

529 tizbic2 the Trooper (level 7, -9/114 (117) HPs)
             Began as an Ogre Fighter on Oct 26, 2022.
             Was an Initiate of Yredelemnul.
             Mangled by TheGhostDragon952's ghost (17 damage)
             ... on level 5 of the Dungeon.
             The game lasted 00:19:50 (4858 turns).

tizbic2 the Trooper (Ogre Fighter)                  Turns: 4858, Time: 00:19:50

HP:   -9/114 (117)  AC:  7    Str: 23    XL:     7   Next: 23%
MP:   7/7           EV:  8    Int:  9    God:    Yredelemnul [......]
Gold: 94            SH:  7    Dex:  8    Spells: 6/6 levels left

rFire   . . .      SeeInvis .   l - +0 mace
rCold   . . .      Faith    .   c - +0 kite shield
rNeg    . . .      Spirit   .   F - +0 animal skin
rPois   .          Reflect  .   z - +1 hat
rElec   .          Harm     .   G - +0 cloak
rCorr   .          Rampage  .   (gloves unavailable)
Will    .....                   (boots unavailable)
Stlth   ..........              (no amulet)
HPRegen 0.29/turn               y - +4 ring of slaying
MPRegen 0.10/turn               (no ring)

@: mighty, berserking, lightly drained, very quick
A: large, unfitting armour, tough skin 1, talons 1, shaggy fur 2, evolution 1
a: Renounce Religion, Recall Undead Harvest


You were on level 5 of the Dungeon.
You worshipped Yredelemnul.
Yredelemnul was noncommittal.
You visited 2 branches of the dungeon, and saw 6 of its levels.

You collected 226 gold pieces.
You spent 132 gold pieces at shops.

Inventory:

Hand Weapons
 a - a +0 flail
 b - a +0 giant club
 l - a +0 mace (weapon)
Missiles
 e - 84 stones (quivered)
 w - 2 boomerangs
 x - 5 poisoned darts
Armour
 c - a +0 kite shield (worn)
 z - a +1 hat (worn)
 F - a +0 animal skin (worn)
 G - a +0 cloak (worn)
Jewellery
 y - a +4 ring of slaying (left hand)
Wands
 u - a wand of mindburst (16)
Scrolls
 g - a scroll of teleportation
 k - a scroll of fog
 m - a scroll of acquirement {unknown}
 r - a scroll of fear {unknown}
 t - a scroll of poison {unknown}
 v - a scroll of torment
 A - a scroll of summoning {unknown}
 C - a scroll of enchant weapon {unknown}
Potions
 f - a potion of degeneration {unknown}
 h - 2 potions of lignification {unknown}
 i - a potion of attraction {unknown}
 j - 5 potions of mutation
 n - a potion of flight {unknown}
 o - a potion of resistance
 p - 2 potions of brilliance {unknown}
 q - a potion of berserk rage
 s - 2 potions of heal wounds {unknown}
 B - a potion of curing {unknown}
 D - a potion of cancellation {unknown}


   Skills:
 * Level 7.3 Fighting
 * Level 4.6 Maces & Flails
 - Level 2.7 Dodging
 + Level 4.4 Shields


You had 6 spell levels left.
You didn't know any spells.
Your spell library was empty.

Dungeon Overview and Level Annotations

Branches:
Dungeon (5/15)             Temple (1/1) D:5

Altars:
Ashenzari
Cheibriados
Dithmenos
Elyvilon
Fedhas
Hepliaklqana
Kikubaaqudgha
Nemelex Xobeh
Okawaru
Trog
Vehumet
Wu Jian
Xom
Yredelemnul
Zin
The Shining One

Shops:
D:4 *

Annotations:
D:5 TheGhostDragon952's ghost, novice MiBe


Innate Abilities, Weirdness & Mutations

You are too large for most types of armour.
You have tough skin. (AC +1)
You have sharp toenails.
You are covered in thick fur. (AC +2)
You have hidden genetic potential.


Message History

TheGhostDragon952's ghost hits you!
You barely miss TheGhostDragon952's ghost.
You claw TheGhostDragon952's ghost!
TheGhostDragon952's ghost is moderately damaged.
TheGhostDragon952's ghost hits you! x2
You swap places.
Your gnoll zombie hits TheGhostDragon952's ghost but does no damage.
TheGhostDragon952's ghost hits your gnoll zombie.
Okay, then.
You feel very mighty all of a sudden.
Your gnoll zombie completely misses TheGhostDragon952's ghost.
TheGhostDragon952's ghost hits your gnoll zombie!!
Your gnoll zombie is destroyed!
You block TheGhostDragon952's ghost's attack.
There is an open translucent door, spattered with blood here.
You thump TheGhostDragon952's ghost!
TheGhostDragon952's ghost is heavily damaged.
TheGhostDragon952's ghost hits you but does no damage.
You thump TheGhostDragon952's ghost!
TheGhostDragon952's ghost is severely damaged.
TheGhostDragon952's ghost hits you!
You barely miss TheGhostDragon952's ghost.
Your kick misses TheGhostDragon952's ghost.
TheGhostDragon952's ghost is severely damaged.
You block TheGhostDragon952's ghost's attack.
You closely miss TheGhostDragon952's ghost.
Your kick misses TheGhostDragon952's ghost.
TheGhostDragon952's ghost is severely damaged.
TheGhostDragon952's ghost hits you but does no damage.
TheGhostDragon952's ghost hits you!
* * * LOW HITPOINT WARNING * * *
It was a potion of magic.
Magic courses through your body. TheGhostDragon952's ghost hits you!
* * * LOW HITPOINT WARNING * * *
It was a potion of berserk rage.
A red film seems to cover your vision as you go berserk!
You feel yourself moving faster!
You feel mighty! TheGhostDragon952's ghost hits you!
You die...
Your body rises from the dead as a mindless zombie.

..## ##...##########..#
#.# #### ...#
#+###.......#.## #..
...# #.# #.# #.#.# ###
...# #.# #.# #Z#.#
..#######.###.#####.#.#
.................##.#.#
.###..#.....#.#...#.#.#
.# #..##...##..)....#.#
.###.Z###Z######@##...#
......# #Z# #.W.#####
.####.# #Z# #.~.#
..Z...# #Z# #.~.#
####### #Z# #.~.# #.#
#.}.# #Z# ########
##### #Z# ##.. ## #Z.Z.
##### #Z# ######.###.#
#.###


You could see TheGhostDragon952's ghost.

Vanquished Creatures
  An ogre (D:5)
  A scorpion (D:4)
  A spectral ogre (D:5)
  A gnoll bouda (D:5)
  Ijyb (D:5)
  An orc wizard (D:5)
  Robin (D:4)
  3 adders
  3 gnolls (D:5)
  A worm (D:4)
  2 dart slugs
  3 orcs
  A ball python (D:1)
  5 bats
  10 endoplasms
  2 giant cockroaches
  8 goblins
  7 hobgoblins
  3 jackals (D:1)
  7 quokkas
  4 frilled lizards
  4 kobolds
  2 rats (D:1)
72 creatures vanquished.

Vanquished Creatures (collateral kills)
  A scorpion (D:5)
  A howler monkey (D:5)
  A hound (D:4)
  An adder (D:4)
  2 orcs
  A ball python (D:4)
  2 bats
  An endoplasm (D:4)
  A giant cockroach (D:3)
  5 goblins (D:4)
  4 hobgoblins
  A jackal (D:1)
  A kobold (D:1)
  A frilled lizard (D:2)
  A rat (D:1)
24 creatures vanquished.

Vanquished Creatures (others)
  2 scorpion zombies
  A howler monkey zombie (D:5)
  3 orc zombies (D:5)
  2 bat zombies (D:1)
  2 gnoll zombies (D:5)
  2 ball python zombies
  An endoplasm zombie (D:3)
  A goblin zombie (D:4)
  A hobgoblin zombie (D:3)
  A jackal zombie (D:1)
16 creatures vanquished.

Grand Total: 112 creatures vanquished

Notes
Turn   | Place    | Note
-------+----------+-------------------------------------------
     0 | D:1      | tizbic2 the Ogre Fighter began the quest for the Orb.
     0 | D:1      | Reached XP level 1. HP: 24/24 MP: 1/1
   148 | D:1      | Found a faded altar of an unknown god.
   156 | D:1      | Reached XP level 2. HP: 31/32 MP: 2/2
   158 | D:1      | Prayed at the altar of an unknown god.
   158 | D:1      | Became a worshipper of Yredelemnul the Dark
   158 | D:1      | Reached * piety under Yredelemnul
   602 | D:1      | Reached XP level 3. HP: 40/40 MP: 3/3
   805 | D:1      | Reached ** piety under Yredelemnul
  1098 | D:2      | Identified the +2 chain mail of Fedhas's Envy {Dex+3}
  1197 | D:2      | Reached skill level 5 in Fighting
  1290 | D:2      | Reached XP level 4. HP: 49/50 MP: 4/4
  1883 | D:3      | Found a sparkling altar of Nemelex Xobeh.
  2600 | D:4      | Noticed a scorpion
  2604 | D:4      | Killed a scorpion
  2605 | D:4      | Reached XP level 5. HP: 34/59 MP: 5/5
  2778 | D:4      | Found Naicun's General Store.
  2788 | D:4      | Bought a +1 hat for 132 gold pieces
  2788 | D:4      | Noticed Robin
  2806 | D:4      | Killed Robin
  2977 | D:4      | Reached skill level 6 in Fighting
  3078 | D:4      | Reached XP level 6. HP: 67/67 MP: 4/6
  3374 | D:5      | Entered Level 5 of the Dungeon
  3720 | D:5      | Found a glowing silver altar of Zin.
  3930 | D:5      | Reached skill level 7 in Fighting
  3930 | D:5      | Reached XP level 7. HP: 56/78 MP: 7/7
  3936 | D:5      | Gained mutation: You are covered in fur. (AC +1) [potion of
                  | mutation]
  3936 | D:5      | Gained mutation: You have sharp toenails. [potion of
                  | mutation]
  3936 | D:5      | Gained mutation: You are covered in thick fur. (AC +2)
                  | [potion of mutation]
  3936 | D:5      | Gained mutation: You have hidden genetic potential. [potion
                  | of mutation]
  4238 | D:5      | Found a staircase to the Ecumenical Temple.
  4247 | Temple   | Entered the Ecumenical Temple
  4695 | D:5      | Noticed Ijyb
  4703 | D:5      | Killed Ijyb
  4808 | D:5      | Found a runed translucent door.
  4813 | D:5      | Noticed TheGhostDragon952's ghost (novice MiBe)
  4858 | D:5      | Mangled by TheGhostDragon952's ghost

Illustrated notes

Levels and vault maps discovered:
D:1:      minmay_arrival_shattered_statue, layout_loops_ring,
          ebering_ecumenical_altar_sacrificial, roderic_serpentine_path
D:2:      layout_basic
D:3:      layout_basic, nemelex_diamond_rough_becter
D:4:      layout_gridville, serial_shops, nicolae_shop_advertising_works
          [nicolae_subvault_shop_adworks], kennysheep_another_room,
          minmay_unequal, uniq_robin
D:5:      layout_loops_corners, zin_statuary, minmay_temple_entry_nine_rooms,
          ebering_ghost_reflecting_pool, uniq_ijyb
Temple:   nicolae_temple_figure_eight

Skill      XL: |  1  2  3  4  5  6 |
---------------+-------------------+-----
Maces & Flails | 2 3 4 |  4.6
Fighting       | 5 6 7 |  7.3
Shields        | 4 |  4.4
Dodging        | |  2.7

Action                   |  1- 3 |  4- 6 |  7- 9 || total
-------------------------+-------+-------+-------++-------
Melee: Flail             |    60 |       |       ||    60
       Mace              |    40 |   113 |    41 ||   194
       Kick              |       |       |     8 ||     8
Invok: Recall Undead Har |     4 |     1 |       ||     5
       Dark Bargain      |       |     1 |       ||     1
Evoke: Wand              |       |     2 |       ||     2
  Use: Scroll            |       |     4 |     1 ||     5
       Potion            |       |       |     4 ||     4
 Stab: Distracted        |     1 |     1 |       ||     2
       Sleeping          |     1 |       |       ||     1
Armor: Robe              |    48 |    32 |       ||    80
       Animal skin       |       |     4 |     5 ||     9
Dodge: Dodged            |    37 |    38 |    13 ||    88
Block: Kite shield       |    50 |    31 |    14 ||    95
